TOP OF THE 1ST |
Scottsdale Scorpions batting - Pitching for Beaverton Bronze Souls : LHP Jeff Brennan
|
Pitching: LHP Jeff Brennan
|
|
Batting: LHB Tony Ayala
|
0-0: Foul Ball, location: 2F 0-1: Swinging Strike 0-2: Ball 1-2: Fly out, F6 (Line Drive, 6)
|
Batting: RHB Sergio Domínguez
|
0-0: Ground out 6-3 (Groundball, 6S)
|
Batting: RHB Steve Boyer
|
0-0: Fly out, F9 (Flyball, 9LSF)
|
Top of the 1st over - 0 run(s), 0 hit(s), 0 error(s), 0 left on base; Scottsdale 0 - Beaverton 0 |
BOTTOM OF THE 1ST |
Beaverton Bronze Souls batting - Pitching for Scottsdale Scorpions : RHP Tomás Muńóz
|
Pitching: RHP Tomás Muńóz
|
|
Batting: LHB Alonso Contreras
|
0-0: Ball 1-0: Foul Ball, location: 2F 1-1: Ball 2-1: Swinging Strike 2-2: Ball 3-2: Strikes out swinging
|
Batting: LHB Luis Aragón
|
0-0: Ball 1-0: Swinging Strike 1-1: Ball 2-1: Ball 3-1: Called Strike 3-2: Foul Ball, location: 2F 3-2: Foul Ball, location: 2F 3-2: Base on Balls
|
Batting: RHB José Fernández
|
0-0: Swinging Strike 0-1: Ball 1-1: Called Strike 1-2: Strikes out swinging
|
Batting: RHB Rusty Anderson
|
0-0: Ball 1-0: Ball 2-0: Called Strike 2-1: Ball 3-1: Fly out, F6 (Line Drive, 6)
|
Bottom of the 1st over - 0 run(s), 0 hit(s), 0 error(s), 1 left on base; Scottsdale 0 - Beaverton 0 |
TOP OF THE 2ND |
Scottsdale Scorpions batting - Pitching for Beaverton Bronze Souls : LHP Jeff Brennan
|
Batting: LHB José Garza
|
0-0: Called Strike 0-1: Ground out U3 (Groundball, 3)
|
Batting: SHB Luis López
|
0-0: Foul Ball, location: 2F 0-1: Ground out 4-3 (Groundball, 4)
|
Batting: SHB Walton Locke
|
0-0: Ball 1-0: Foul Ball, location: 2F 1-1: Foul Ball, location: 2F 1-2: Foul Ball, location: 2F 1-2: Ball 2-2: Strikes out swinging
|
Top of the 2nd over - 0 run(s), 0 hit(s), 0 error(s), 0 left on base; Scottsdale 0 - Beaverton 0 |
BOTTOM OF THE 2ND |
Beaverton Bronze Souls batting - Pitching for Scottsdale Scorpions : RHP Tomás Muńóz
|
Batting: RHB David Kerr
|
0-0: Foul Ball, location: 2F 0-1: Ball 1-1: Ball 2-1: Ball 3-1: Base on Balls
|
Batting: RHB Juan Becerra
|
0-0: Ball 1-0: Foul Ball, location: 2F 1-1: Ball 2-1: Ball 3-1: Foul Ball, location: 2F 3-2: Grounds into double play, 4-6-3 (Groundball, 4)
|
Batting: SHB Alberto Sandoval
|
0-0: Foul Ball, location: 2F 0-1: Ball 1-1: Ball 2-1: Swinging Strike 2-2: Ball 3-2: Strikes out swinging
|
Bottom of the 2nd over - 0 run(s), 0 hit(s), 0 error(s), 0 left on base; Scottsdale 0 - Beaverton 0 |
TOP OF THE 3RD |
Scottsdale Scorpions batting - Pitching for Beaverton Bronze Souls : LHP Jeff Brennan
|
Batting: SHB Juan Gonzáles
|
0-0: Ground out 6-3 (Groundball, 6)
|
Batting: RHB Robinson Fernández
|
0-0: Called Strike 0-1: Called Strike 0-2: Ball 1-2: Foul Ball, location: 2F 1-2: Ball 2-2: SINGLE (Line Drive, 4D)
|
Batting: RHB Dave MacGruder
|
0-0: Called Strike 0-1: SINGLE (Groundball, 6MD) Robinson Fernández to second Runner from 2nd tries for 3rd, SAFE, no throw
|
Batting: LHB Tony Ayala
|
0-0: Ball 1-0: Ball Wild Pitch! Robinson Fernández scores Dave MacGruder to second 2-0: Called Strike 2-1: Ground out 4-3 (Groundball, 4) Dave MacGruder to third
|
Batting: RHB Sergio Domínguez
|
0-0: Ball 1-0: Ball 2-0: Ball 3-0: Called Strike 3-1: Foul Ball, location: 2F 3-2: DOUBLE (Line Drive, 89D) Dave MacGruder scores
|
Batting: RHB Steve Boyer
|
0-0: Fly out, F9 (Flyball, 9LDF)
|
Top of the 3rd over - 2 run(s), 3 hit(s), 0 error(s), 1 left on base; Scottsdale 2 - Beaverton 0 |
BOTTOM OF THE 3RD |
Beaverton Bronze Souls batting - Pitching for Scottsdale Scorpions : RHP Tomás Muńóz
|
Batting: RHB Ed Fuhrman
|
0-0: Ball 1-0: Called Strike 1-1: Swinging Strike 1-2: Foul Ball, location: 2F 1-2: Ground out 6-3 (Groundball, 6)
|
Batting: SHB Caleb Hart
|
0-0: Ball 1-0: Ball 2-0: Foul Ball, location: 2F 2-1: Foul Ball, location: 2F 2-2: Strikes out swinging
|
Batting: LHB Alonso Contreras
|
0-0: Called Strike 0-1: Ball 1-1: Ball 2-1: Ground out 6-3 (Groundball, 6S)
|
Bottom of the 3rd over - 0 run(s), 0 hit(s), 0 error(s), 0 left on base; Scottsdale 2 - Beaverton 0 |
TOP OF THE 4TH |
Scottsdale Scorpions batting - Pitching for Beaverton Bronze Souls : LHP Jeff Brennan
|
Batting: LHB José Garza
|
0-0: Ground out 6-3 (Groundball, 6M)
|
Batting: SHB Luis López
|
0-0: Called Strike 0-1: Called Strike 0-2: Strikes out swinging
|
Batting: SHB Walton Locke
|
0-0: Called Strike 0-1: Ball 1-1: Ball 2-1: Ground out 1-3 (Groundball, P)
|
Top of the 4th over - 0 run(s), 0 hit(s), 0 error(s), 0 left on base; Scottsdale 2 - Beaverton 0 |
BOTTOM OF THE 4TH |
Beaverton Bronze Souls batting - Pitching for Scottsdale Scorpions : RHP Tomás Muńóz
|
Batting: LHB Luis Aragón
|
0-0: Ball 1-0: Ball 2-0: Ball 3-0: Called Strike 3-1: Base on Balls
|
Batting: RHB José Fernández
|
0-0: Called Strike 0-1: Ball Wild Pitch! Luis Aragón to second 1-1: Called Strike 1-2: Strikes out swinging
|
Batting: RHB Rusty Anderson
|
0-0: Swinging Strike 0-1: Ball 1-1: Swinging Strike 1-2: Ball 2-2: Foul Ball, location: 2F 2-2: Strikes out swinging
|
Batting: RHB David Kerr
|
0-0: Ball 1-0: Swinging Strike 1-1: Fly out, F9 (Flyball, 9S)
|
Bottom of the 4th over - 0 run(s), 0 hit(s), 0 error(s), 1 left on base; Scottsdale 2 - Beaverton 0 |
TOP OF THE 5TH |
Scottsdale Scorpions batting - Pitching for Beaverton Bronze Souls : LHP Jeff Brennan
|
Batting: SHB Juan Gonzáles
|
0-0: Ball 1-0: Fly out, F8 (Flyball, 8LD)
|
Batting: RHB Robinson Fernández
|
0-0: Called Strike 0-1: Swinging Strike 0-2: Ball 1-2: Strikes out looking
|
Batting: RHB Dave MacGruder
|
0-0: SINGLE (Groundball, 6MD)
|
Batting: LHB Tony Ayala
|
0-0: Called Strike 0-1: Ball Dave MacGruder is caught stealing 2nd base
|
Top of the 5th over - 0 run(s), 1 hit(s), 0 error(s), 0 left on base; Scottsdale 2 - Beaverton 0 |
BOTTOM OF THE 5TH |
Beaverton Bronze Souls batting - Pitching for Scottsdale Scorpions : RHP Tomás Muńóz
|
Batting: RHB Juan Becerra
|
0-0: Ball 1-0: Swinging Strike 1-1: Foul Ball, location: 2F 1-2: Foul Ball, location: 2F 1-2: SINGLE (Groundball, 34D)
|
Batting: SHB Alberto Sandoval
|
0-0: Called Strike Juan Becerra steals 2nd base 0-1: Foul Ball, location: 2F 0-2: Ball 1-2: Fly out, F4 (Popup, 4D)
|
Batting: RHB Ed Fuhrman
|
0-0: Ball 1-0: Called Strike 1-1: Ball 2-1: Ball 3-1: Swinging Strike 3-2: Base on Balls
|
Pitching: LHP Robert Griggs
|
|
Batting: SHB Caleb Hart
|
0-0: Called Strike Juan Becerra steals 3rd base Ed Fuhrman to second 0-1: Ball 1-1: Foul Ball, location: 2F 1-2: Ball 2-2: Foul Ball, location: 2F 2-2: Strikes out swinging
|
Batting: LHB Alonso Contreras
|
0-0: Swinging Strike 0-1: Ground out 3-1 (Groundball, 34S)
|
Bottom of the 5th over - 0 run(s), 1 hit(s), 0 error(s), 2 left on base; Scottsdale 2 - Beaverton 0 |
TOP OF THE 6TH |
Scottsdale Scorpions batting - Pitching for Beaverton Bronze Souls : LHP Jeff Brennan
|
Batting: LHB Tony Ayala
|
0-0: SINGLE (Groundball, 34D)
|
Batting: RHB Sergio Domínguez
|
0-0: Ball 1-0: Called Strike 1-1: SINGLE (Groundball, 6MD) Tony Ayala to second
|
Batting: RHB Steve Boyer
|
0-0: Called Strike Tony Ayala steals 3rd base Sergio Domínguez to second 0-1: Swinging Strike 0-2: Foul Ball, location: 2F 0-2: Foul Ball, location: 2F 0-2: Ball 1-2: Strikes out swinging
|
Batting: LHB José Garza
|
0-0: Intentional Walk
|
Batting: SHB Luis López
|
0-0: Grounds into double play, 4-6-3 (Groundball, 4)
|
Top of the 6th over - 0 run(s), 2 hit(s), 0 error(s), 2 left on base; Scottsdale 2 - Beaverton 0 |
BOTTOM OF THE 6TH |
Beaverton Bronze Souls batting - Pitching for Scottsdale Scorpions : LHP Robert Griggs
|
Batting: LHB Luis Aragón
|
0-0: Hit by Pitch
|
Batting: RHB José Fernández
|
0-0: Ball 1-0: Ball 2-0: Called Strike 2-1: Ball 3-1: Called Strike 3-2: Fly out, F9 (Flyball, 9LM)
|
Batting: RHB Rusty Anderson
|
0-0: Called Strike 0-1: Ball 1-1: Ball 2-1: Ball 3-1: Base on Balls Luis Aragón to second
|
Batting: RHB David Kerr
|
0-0: Ball 1-0: Fielders Choice at 2nd, 3-6 (Groundball, 34) Luis Aragón to third
|
Batting: RHB Juan Becerra
|
0-0: Ball 1-0: Ball 2-0: Ground out 6-3 (Groundball, 6S)
|
Bottom of the 6th over - 0 run(s), 0 hit(s), 0 error(s), 2 left on base; Scottsdale 2 - Beaverton 0 |
TOP OF THE 7TH |
Scottsdale Scorpions batting - Pitching for Beaverton Bronze Souls : LHP Jeff Brennan
|
Batting: SHB Walton Locke
|
0-0: Fly out, F8 (Flyball, 8LM)
|
Batting: SHB Juan Gonzáles
|
0-0: Ball 1-0: Called Strike 1-1: Foul Ball, location: 2F 1-2: Ball 2-2: Foul Ball, location: 2F 2-2: Strikes out swinging
|
Batting: RHB Robinson Fernández
|
0-0: Called Strike 0-1: SINGLE (Flyball, 4MD)
|
Pitching: RHP Mike Moyer
|
|
Batting: RHB Dave MacGruder
|
0-0: Called Strike 0-1: Ball Robinson Fernández steals 2nd base 1-1: Called Strike 1-2: Strikes out looking
|
Top of the 7th over - 0 run(s), 1 hit(s), 0 error(s), 1 left on base; Scottsdale 2 - Beaverton 0 |
BOTTOM OF THE 7TH |
Beaverton Bronze Souls batting - Pitching for Scottsdale Scorpions : LHP Robert Griggs
|
Batting: SHB Alberto Sandoval
|
0-0: Called Strike 0-1: Called Strike 0-2: Ball 1-2: Strikes out swinging
|
Batting: RHB Ed Fuhrman
|
0-0: Ball 1-0: Ball 2-0: Ball 3-0: Called Strike 3-1: Base on Balls
|
Pinch Runner at 1st Rubén Ramírez:
|
|
Batting: SHB Caleb Hart
|
0-0: Ball 1-0: Fly out, F3 (Popup, 3S)
|
Batting: LHB Alonso Contreras
|
0-0: Called Strike 0-1: SINGLE (Groundball, 4MD) Rubén Ramírez to second
|
Batting: LHB Luis Aragón
|
0-0: Called Strike 0-1: Called Strike 0-2: Ball 1-2: Strikes out looking
|
Bottom of the 7th over - 0 run(s), 1 hit(s), 0 error(s), 2 left on base; Scottsdale 2 - Beaverton 0 |
TOP OF THE 8TH |
Scottsdale Scorpions batting - Pitching for Beaverton Bronze Souls : RHP Mike Moyer
|
Now at 1B: José Dávila
|
|
Batting: LHB Tony Ayala
|
0-0: Called Strike 0-1: Foul Ball, location: 2F 0-2: Ball 1-2: Strikes out looking
|
Batting: RHB Sergio Domínguez
|
0-0: Called Strike 0-1: Ground out 6-3 (Groundball, 56)
|
Batting: RHB Steve Boyer
|
0-0: Swinging Strike 0-1: Swinging Strike 0-2: Foul Ball, location: 2F 0-2: Ball 1-2: Ball 2-2: Strikes out swinging
|
Top of the 8th over - 0 run(s), 0 hit(s), 0 error(s), 0 left on base; Scottsdale 2 - Beaverton 0 |
BOTTOM OF THE 8TH |
Beaverton Bronze Souls batting - Pitching for Scottsdale Scorpions : LHP Robert Griggs
|
Batting: RHB José Fernández
|
0-0: SOLO HOME RUN (Flyball, 9D), Distance : 374 ft
|
Pitching: RHP Robinson Ramírez
|
|
Batting: RHB Rusty Anderson
|
0-0: Called Strike 0-1: Ball 1-1: Foul Ball, location: 2F 1-2: Ball 2-2: Strikes out looking
|
Batting: RHB David Kerr
|
0-0: Fly out, F7 (Flyball, 7)
|
Batting: RHB Juan Becerra
|
0-0: Fly out, F8 (Flyball, 8RM)
|
Bottom of the 8th over - 1 run(s), 1 hit(s), 0 error(s), 0 left on base; Scottsdale 2 - Beaverton 1 |
TOP OF THE 9TH |
Scottsdale Scorpions batting - Pitching for Beaverton Bronze Souls : RHP Mike Moyer
|
Batting: LHB José Garza
|
0-0: Swinging Strike 0-1: Ball 1-1: Foul Ball, location: 2F 1-2: Ball 2-2: Ground out 4-3 (Groundball, 4)
|
Batting: SHB Luis López
|
0-0: Ground out 4-3 (Groundball, 4)
|
Batting: SHB Walton Locke
|
0-0: Ball 1-0: SINGLE (Groundball, 6D)
|
Batting: SHB Juan Gonzáles
|
0-0: Ball 1-0: Called Strike 1-1: Ball 2-1: Fielders Choice at 2nd, 6-4 (Groundball, 56)
|
Top of the 9th over - 0 run(s), 1 hit(s), 0 error(s), 0 left on base; Scottsdale 2 - Beaverton 1 |
BOTTOM OF THE 9TH |
Beaverton Bronze Souls batting - Pitching for Scottsdale Scorpions : RHP Robinson Ramírez
|
Pitching: RHP Jesús Ramírez
|
|
Now in RF: Justin Holland
|
|
Pinch Hitting: LHB Howard Holder
|
0-0: Foul Ball, location: 2F 0-1: Ball 1-1: Foul Ball, location: 2F 1-2: Ball 2-2: Ball 3-2: DOUBLE (Line Drive, 8RXD)
|
Batting: RHB José Dávila
|
0-0: Called Strike 0-1: Fly out, F8 (Flyball, 8LM)
|
Batting: SHB Caleb Hart
|
0-0: Ball 1-0: Swinging Strike 1-1: Called Strike 1-2: Strikes out looking
|
Pinch Hitting: RHB Michael Fisher
|
0-0: Ball 1-0: Ball 2-0: Called Strike 2-1: Foul Ball, location: 2F 2-2: Ball 3-2: Strikes out looking
|
Bottom of the 9th over - 0 run(s), 1 hit(s), 0 error(s), 1 left on base; Scottsdale 2 - Beaverton 1 |
|